 Dungeon Crawl Stone Soup version 0.29-a0-816-g82769f0e0c (webtiles) character file.

Game seed: 11700021396499852765

524 Ayihk420 the Trooper (level 7, -1/111 HPs)
             Began as an Ogre Berserker on July 5, 2022.
             Was a Believer of Trog.
             Slain by Pikel
             ... wielding a +0 whip of freezing
              (5 damage)
             ... on level 4 of the Dungeon.
             The game lasted 00:12:42 (4874 turns).

Ayihk420 the Trooper (Ogre Berserker)               Turns: 4874, Time: 00:12:43

Health: -1/111     AC:  4    Str: 22    XL:     7   Next: 22%
Magic:  7/7        EV: 10    Int:  8    God:    Trog [**....]
Gold:   130        SH:  0    Dex: 10    Spells: 6/6 levels left

rFire   . . .      SeeInvis .   a - +0 hand axe
rCold   . . .      Faith    .   (no shield)
rNeg    . . .      Spirit   .   b - +1 animal skin
rPois   .          Reflect  .   (helmet restricted)
rElec   .          Harm     .   (no cloak)
rCorr   .          Rampage  .   (gloves unavailable)
Will    ++...                   (boots unavailable)
Stlth   ..........              (no amulet)
HPRegen 1.28/turn               (no ring)
MPRegen 0.10/turn               (no ring)

@: mighty, berserking, strong-willed, regenerating, hasted, very quick
A: large, unfitting armour, tough skin 1
a: Renounce Religion, Berserk, Trog's Hand


You were on level 4 of the Dungeon.
You worshipped Trog.
Trog was pleased with you.
You visited 1 branch of the dungeon, and saw 4 of its levels.

You collected 130 gold pieces.

Inventory:

Hand Weapons
 a - a +0 hand axe (weapon)
Missiles
 i - a javelin (quivered)
 j - 6 poisoned darts
 l - 3 boomerangs
Armour
 b - a +1 animal skin (worn)
Jewellery
 e - an amulet of magic regeneration
 m - a ring of resist corrosion
 p - a ring of poison resistance
Scrolls
 k - a scroll of poison {unknown}
 n - 2 scrolls of identify
 q - 2 scrolls of vulnerability {unknown}
 r - 2 scrolls of teleportation
 s - a scroll of blinking {unknown}
Potions
 d - 2 potions of might
 g - 2 potions of magic


   Skills:
 + Level 5.8 Fighting
 + Level 5.4 Axes
 + Level 2.9 Throwing
 + Level 3.9 Dodging
 + Level 1.2 Stealth


You had 6 spell levels left.
You didn't know any spells.
Your spell library contained the following spells:

 Spells                   Type           Power      Damage    Failure   Level
 Sublimation of Blood     Necr           0%         N/A       54%         2
 Wereblood                Tmut           0%         N/A       54%         2
 Summon Hydra             Summ           0%         N/A       100%        7


Dungeon Overview and Level Annotations

Branches:
Dungeon (4/15)
 Temple: D:4-7

Altars:
Dithmenos

Shops:
D:3 *

Annotations:
D:4 Pikel


Innate Abilities, Weirdness & Mutations

You are too large for most types of armour.
You have tough skin. (AC +1)


Message History

Pikel freezes you.
* * * LOW HITPOINT WARNING * * *
You slash Pikel!
Pikel is heavily wounded.
You closely miss the lemure. You barely miss Pikel.
Pikel is heavily wounded.
You closely miss the lemure. The lemure closely misses you.
Pikel hits you with a +0 whip of freezing.
* * * LOW HITPOINT WARNING * * *
Pikel freezes you.
* * * LOW HITPOINT WARNING * * *
You closely miss Pikel.
Pikel is heavily wounded.
You hit the lemure. The lemure hits you!
* * * LOW HITPOINT WARNING * * *
Pikel completely misses you.
Your skin crawls.
You feel strong-willed.
Pikel hits you with a +0 whip of freezing.
* * * LOW HITPOINT WARNING * * *
Pikel freezes you.
* * * LOW HITPOINT WARNING * * *
The lemure hits you.
* * * LOW HITPOINT WARNING * * *
A red film seems to cover your vision as you go berserk!
You feel yourself moving faster!
You feel mighty!
You hit Pikel but do no damage.
Pikel is heavily wounded.
You slash the lemure!
You kill the lemure!
That felt strangely unrewarding.
Pikel hits you but does no damage.
You slash Pikel!
Pikel is severely wounded.
You closely miss the lemure. The lemure hits you.
* * * LOW HITPOINT WARNING * * *
Pikel hits you with a +0 whip of freezing!
* * * LOW HITPOINT WARNING * * *
Pikel freezes you.
You die...

##.......##
#........# #........#
##.......###
#.........#.
##..........
#.....####. ###..##
##@.# #5K##### ...
######55##..## .....
#.......)....###.....
.....................
..........5.........
...................$
.......(........##
.........)...K...##


You could see Pikel and 3 lemures.

Vanquished Creatures
  A steam dragon (D:4)
  A phantom (D:4)
  A lemure (D:4)
  A scorpion (D:4)
  An orc priest (D:4)
  An iguana (D:4)
  Natasha (thrice) (D:4)
  6 adders
  2 worms
  8 orcs (D:4)
  3 bats
  3 endoplasms
  9 giant cockroaches
  5 hobgoblins
  4 jackals (D:4)
  3 kobolds
  2 quokkas (D:2)
  3 ball pythons
  5 frilled lizards
  5 goblins
  5 rats
72 creatures vanquished.

Notes
Turn   | Place    | Note
-------+----------+-------------------------------------------
     0 | D:1      | Ayihk420 the Ogre Berserker began the quest for the Orb.
     0 | D:1      | Reached XP level 1. HP: 24/24 MP: 1/1
    68 | D:1      | Found a faded altar of an unknown god.
   188 | D:1      | Reached XP level 2. HP: 32/32 MP: 2/2
   645 | D:1      | Found Fadoipn's Magic Scroll Shoppe.
   862 | D:2      | Reached XP level 3. HP: 40/40 MP: 3/3
  1853 | D:2      | Reached XP level 4. HP: 37/49 MP: 4/4
  2087 | D:3      | Reached ** piety under Trog
  2405 | D:3      | Reached skill level 5 in Fighting
  2585 | D:3      | Found Moef's General Store.
  3215 | D:4      | Reached skill level 1 in Throwing
  3215 | D:4      | Reached XP level 5. HP: 14/57 MP: 5/5
  3696 | D:4      | Found a shadowy altar of Dithmenos.
  3702 | D:4      | Noticed Natasha
  3705 | D:4      | Killed Natasha
  3766 | D:4      | Noticed a phantom
  3813 | D:4      | Killed a phantom
  3814 | D:4      | Reached skill level 1 in Stealth
  3814 | D:4      | Reached XP level 6. HP: 24/66 MP: 6/6
  3828 | D:4      | Noticed Natasha
  3950 | D:4      | Killed Natasha
  3957 | D:4      | Noticed Natasha
  3970 | D:4      | Killed Natasha
  4115 | D:4      | Noticed a steam dragon
  4119 | D:4      | Killed a steam dragon
  4120 | D:4      | Reached skill level 5 in Axes
  4120 | D:4      | Reached XP level 7. HP: 44/72 MP: 7/7
  4313 | D:4      | HP: 5/111 [poisoned by a scorpion]
  4837 | D:4      | Noticed Pikel
  4874 | D:4      | HP: 4/111 [Pikel/+0 whip of freezing (9)]
  4874 | D:4      | Slain by Pikel

Illustrated notes

Levels and vault maps discovered:
D:1:      minmay_arrival_five_plusses, layout_basic,
          ebering_ecumenical_altar_box, serial_shops, shop, minivault_4,
          minmay_worlds_worst_comb
D:2:      layout_loops_ring, serial_co_window_serial, co_window_corner_a,
          co_window_paths_a, co_window_paths_b, co_window_corner_a,
          co_window_paths_b, co_window_corner_a, co_window_of_opportunity_a,
          co_window_paths_c, co_window_broadway_a, co_window_of_opportunity_b,
          co_window_unsneaky_path_d, glass_columns_b
D:3:      layout_basic, serial_shops, shop_fountains
D:4:      layout_cave_pods, nicolae_dithmenos_the_darkroom,
          chequers_mini_garden, kennysheep_generic_room_14, uniq_grinder,
          uniq_pikel, uniq_natasha

Skill      XL: |  1  2  3  4  5  6 |
---------------+-------------------+-----
Dodging        | 3 |  3.9
Fighting       | 5 |  5.8
Axes           | 4 5 |  5.4
Throwing       | 1 2 |  2.9
Stealth        | 1 |  1.2

Action                   |  1- 3 |  4- 6 |  7- 9 || total
-------------------------+-------+-------+-------++-------
Melee: Hand axe          |   123 |    98 |    39 ||   260
       Punch             |       |     1 |       ||     1
Throw: Javelin           |    10 |    28 |    19 ||    57
       Stone             |     3 |     2 |       ||     5
       Boomerang         |       |     7 |       ||     7
       Dart              |       |     4 |     5 ||     9
Invok: Berserk           |       |       |     1 ||     1
       Trog's Hand       |       |       |     1 ||     1
  Use: Scroll            |     4 |     3 |       ||     7
       Potion            |       |     1 |     5 ||     6
 Stab: Sleeping          |       |     1 |       ||     1
Armor: Animal skin       |    55 |    32 |     7 ||    94
Dodge: Dodged            |    74 |    38 |    26 ||   138

Table legend: (Time is in decaauts)
 A = Elapsed time spent in this place.
 B = Non-inter-level travel time spent in this place.
 C = Inter-level travel time spent in this place.
 D = Time resting spent in this place.
 E = Time spent auto-exploring this place.
 F = Levels seen in this place.
 G = Mean time per level.
                   A        B        C        D        E       F      G
               +--------+--------+--------+--------+--------+-----+--------+
         Total |   4943 |   4943 |      0 |   1096 |   2776 |   4 | 1235.8 |
       Dungeon |   4943 |   4943 |      0 |   1096 |   2776 |   4 | 1235.8 |
               +--------+--------+--------+--------+--------+-----+--------+

Top non-repeatable levels by time:
     D:4: 1724 daAuts
     D:2: 1250 daAuts
     D:3: 1111 daAuts
     D:1: 857 daAuts
